 Dungeon Crawl Stone Soup version 0.19.0-9-gfd783f2 (webtiles) character file.

37 dobroeutro the Shooter (level 3, -7/29 HPs)
             Began as a Centaur Hunter on Nov 7, 2016.
             Killed by nerve-wracking pain
             ... invoked by a shadow imp
             ... summoned by Natasha
              (13 damage)
             ... on level 2 of the Dungeon.
             The game lasted 00:01:26 (1511 turns).

dobroeutro the Shooter (Centaur Hunter)             Turns: 1511, Time: 00:01:27

Health: -7/29      AC:  5    Str: 15    XL:     3   Next: 23%
Magic:  3/3        EV:  9    Int: 10    God:
Gold:   133        SH:  0    Dex:  9    Spells: 0 memorised, 2 levels left

rFire  . . .     SeeInvis .     o - -1 dagger (curse)
rCold  . . .     Gourm    .     c - +1 leather armour
rNeg   . . .     Faith    .     (no shield)
rPois  +         Spirit   .     (no helmet)
rElec  .         Reflect  .     (no cloak)
rCorr  .         Harm     .     (no gloves)
MR     .....                    (no barding)
Stlth  ..........               (no amulet)
                                (no ring)
                                l - ring of poison resistance

@: slowed, drained
A: hooves 3, deformed body, speed 2, tough skin 3
a: no special abilities


You were on level 2 of the Dungeon.
You were very hungry.

You visited 1 branch of the dungeon, and saw 2 of its levels.

You collected 133 gold pieces.

Inventory:

Hand Weapons
 a - a +1 shortbow
 b - a +0 short sword
 i - a +1 dagger of draining
 o - a cursed -1 dagger (weapon)
Missiles
 d - 65 arrows
Armour
 c - a +1 leather armour (worn)
Jewellery
 l - a ring of poison resistance (left hand)
Scrolls
 e - a scroll of enchant armour
Potions
 g - a potion of magic {unknown}
 h - a potion of flight {unknown}
 k - a potion of haste {unknown}
 m - a potion of brilliance {unknown}
 p - a potion of invisibility {unknown}
 q - a potion of might {unknown}
Comestibles
 f - 3 bread rations
 j - a beef jerky
 n - a meat ration


   Skills:
 - Level 2.0(1.8) Fighting
 + Level 6.8(6.5) Bows
 - Level 1.3(1.2) Dodging
 - Level 0.4(0.2) Stealth


You had 2 spell levels left.
You didn't know any spells.

Dungeon Overview and Level Annotations

Branches:
Dungeon (2/15)

Altars:
Kikubaaqudgha

Annotations:
D:2 Natasha


Innate Abilities, Weirdness & Mutations

You have hooves in place of feet.
Armour fits poorly on your strangely shaped body.
You cover ground very quickly.
You have extremely tough skin. (AC +3)


Message History

Natasha is moderately wounded.
Natasha zaps a wand.
You resist with significant effort.
The crimson imp blinks!
The shadow imp barely misses you.
You miss Natasha. Your kick misses Natasha.
Natasha is moderately wounded.
Natasha barely misses you.
The shadow imp hits you but does no damage.
Natasha zaps a wand.
You feel as though you will be slow longer.
The shadow imp closely misses you.
You barely miss Natasha.
Natasha is moderately wounded.
Natasha claws you! The shadow imp hits you.
You closely miss Natasha. Your kick misses Natasha.
Natasha is moderately wounded.
Natasha claws you!
* * * LOW HITPOINT WARNING * * *
The shadow imp gestures at you. Pain shoots through your body!
You die...

#<##.# .#..# #..# #.# #. #.##.#
#. #.. #.# #. #.#... #.. . #.# #.
...... ..####. #.# #. .## ..
..... #.# #. . ...? ##. # ..# #..
. #h# #. #.# # #@# #.# .# #.# #
#5# #.# .# #.# # #.# #.# .# #.# #
#.# #.# .# #.# #########
#.#####.####.# #.# ........#
#.##.........# #.# ...⌠....#
#...........####.#
≈≈...#..########.##.##.###......#
≈≈..##........##....##.# ########


You could see Natasha and a shadow imp.

Vanquished Creatures
  An adder (D:2)
  3 dart slugs (D:1)
  2 giant cockroaches
  6 hobgoblins
  3 goblins
  5 kobolds
  2 rats
22 creatures vanquished.

Notes
Turn   | Place    | Note
-------+----------+-------------------------------------------
     0 | D:1      | dobroeutro the Centaur Hunter began the quest for the Orb.
     0 | D:1      | Reached XP level 1. HP: 17/17 MP: 1/1
   134 | D:1      | Reached XP level 2. HP: 17/24 MP: 2/2
   173 | D:1      | Reached skill level 6 in Bows
   777 | D:2      | Reached XP level 3. HP: 3/29 MP: 3/3
  1192 | D:2      | Found an ancient bone altar of Kikubaaqudgha.
  1493 | D:2      | Noticed Natasha
  1511 | D:2      | Killed from afar by a shadow imp

Skill      XL: |  1  2 |
---------------+-------+-----
Bows           | 6 |  6.8
Fighting       | |  2.0
Dodging        | |  1.3
Stealth        | |  0.4

Action                   || total
-------------------------++-------
Melee: Short sword       ||    18
       Kick              ||    17
       Dagger            ||    79
  Use: Scroll            ||     2
Armor: Leather armour    ||    23
Dodge: Dodged            ||    34
